 Dungeon Crawl Stone Soup version 0.32-a0-660-g97ce250973 (webtiles) character file.

Game seed: 128289009690326557

4456 GeoRichter the Cleaver (level 10, -6/90 HPs)
             Began as a Mountain Dwarf Reaver on Mar 9, 2024.
             Was a Priest of Lugonu.
             Mangled by a yak (13 damage)
             ... on level 9 of the Dungeon.
             The game lasted 00:18:17 (8658 turns).

GeoRichter the Cleaver (Mountain Dwarf Reaver)      Turns: 8658, Time: 00:18:17

Health: -6/90      AC: 18    Str: 17    XL:     10   Next: 15%
Magic:  16/16      EV:  1    Int: 14    God:    Lugonu [***...]
Gold:   350        SH:  0    Dex: 12    Spells: 11/12 levels left

rFire   + . .        b - +0 war axe
rCold   + + .        (no shield)
rNeg    . . .        C - +0 gold dragon scales
rPois   +            c - +1 helmet
rElec   .            (no cloak)
rCorr   .            (no gloves)
SInv    .            (no boots)
Will    +....        d - amulet of regeneration Stlth
                     (no ring)
HPRegen 1.15/turn    (no ring)
MPRegen 0.15/turn

%: no passive effects
@: about to teleport
A: runic magic, artefact enchanting, iridescent scales 1, agile 1, cold
resistance 1
a: Renounce Religion, Depart the Abyss, Banish


You were on level 9 of the Dungeon.
You worshipped Lugonu.
Lugonu was most pleased with you.
You visited 2 branches of the dungeon, and saw 10 of its levels.
You also visited: Bailey.

You collected 464 gold pieces.
You spent 114 gold pieces at shops.

Inventory:

Hand Weapons
 b - a +0 war axe (weapon)
   (You took it off an orc priest on level 4 of the Dungeon)
 v - a +1 flail of draining
   (You took it off an orc on level 5 of the Dungeon)
Armour
 c - a +1 helmet (worn)
   (You took it off Robin on level 2 of the Dungeon)
 A - +0 acid dragon scales
   (You found it on level 7 of the Dungeon)
 B - a +2 tower shield of poison resistance
   (You found it in a bailey)
 C - +0 gold dragon scales (worn)
   (You found it in a bailey)
Jewellery
 d - an amulet of regeneration (around neck)
   (You found it on level 1 of the Dungeon)
Wands
 a - a wand of quicksilver (4)
   (You found it on level 7 of the Dungeon)
 m - a wand of polymorph (4)
   (You took it off Sigmund on level 5 of the Dungeon)
 s - a wand of flame (16)
   (You took it off a crimson imp on level 3 of the Dungeon)
 x - a wand of iceblast (10)
   (You found it on level 6 of the Dungeon)
Scrolls
 f - 4 scrolls of revelation
 h - a scroll of fog {unknown}
 i - 2 scrolls of vulnerability {unknown}
 j - 3 scrolls of teleportation {@r4}
 n - a scroll of fear {unknown}
 o - a scroll of enchant armour {unknown}
 q - a scroll of identify {@r1}
 t - a scroll of enchant weapon {unknown}
 y - a scroll of noise {unknown}
 z - 2 scrolls of immolation {unknown}
Potions
 e - 3 potions of might
 g - 2 potions of brilliance {unknown}
 k - 2 potions of haste {@q3}
 l - a potion of attraction {!q}
 p - 2 potions of lignification {!q}
 r - a potion of mutation {!q}
 w - 2 potions of curing {@q1}
Miscellaneous
 u - a condenser vane
   (You found it in a bailey)


   Skills:
 + Level 8.4 Fighting
 * Level 12.9 Axes
 + Level 4.2 Armour
 - Level 1.3 Dodging
 - Level 1.7 Spellcasting
 - Level 2.6 Conjurations
 + Level 8.0 Invocations


You had 11 spell levels left.
You knew the following spells:

 Your Spells              Type           Power      Damage    Failure   Level
a - Kiss of Death         Conj/Necr      16%        2d6       54%         1

Your spell library contained the following spells:

 Spells                   Type           Power      Damage    Failure   Level
 Momentum Strike          Conj/Tloc      8%         3d8       69%         2
 Summon Small Mammal      Summ           4%         N/A       75%         1
 Hailstorm                Conj/Ice       4%         3d5       89%         3
 Call Canine Familiar     Summ           1%         N/A       98%         3
 Fugue of the Fallen      Necr           1%         N/A       98%         3
 Gell's Gravitas          Tloc           1%         N/A       98%         3
 Inner Flame              Hex/Fire       1%         N/A       98%         3
 Ozocubu's Armour         Ice            1%         N/A       98%         3
 Teleport Other           Tloc           1%         N/A       98%         3
 Tukima's Dance           Hex            1%         N/A       98%         3
 Manifold Assault         Tloc           1%         N/A       100%        4
 Passage of Golubria      Tloc           1%         N/A       100%        4
 Summon Blazeheart Golem  Fire/Summ      1%         N/A       100%        4
 Irradiate                Conj/Alch      2%         3d12      100%        5
 Metabolic Englaciation   Hex/Ice        0%         N/A       100%        5
 Yara's Violent Unravell  Hex/Alch       0%         3d3       100%        5
 Dispersal                Tloc           0%         N/A       100%        6
 Sculpt Simulacrum        Ice/Alch       0%         N/A       100%        6
 Ignition                 Fire           0%         3d3       100%        8


Dungeon Overview and Level Annotations

Branches:
Dungeon (9/15) Zot: 26602  Temple (1/1) D:4 Zot: 5968    Lair (0/5) D:9
 Bailey (visited)
    Orc: D:9-12

Altars:
Ashenzari
Cheibriados
Dithmenos
Elyvilon
Fedhas
Gozag
Hepliaklqana
Makhleb
Nemelex Xobeh
Okawaru
Qazlal
Ru
Sif Muna
Trog
Uskayaw
Vehumet
Wu Jian
Xom
Yredelemnul
Zin
The Shining One
Lugonu

Shops:
D:4 ?

Annotations:
D:2 1 runed translucent door, Crazy Yiuf


Innate Abilities, Weirdness & Mutations

Your spellcasting is much less encumbered by armour.
You can use scrolls of enchantment on lesser artefacts.
You are partially covered in iridescent scales. (AC +2)
You are agile. (Dex +4, Str/Int -1)
Your flesh is cold resistant. (rC+)


Message History

You hit the yak but do no damage.
The yak is severely wounded.
You hit the yak. You slash the yak! You hit the yak.
You hit the yak but do no damage. You hit the yak.
The yak gores you but does no damage. The yak gores you!
The yak gores you but does no damage. x2; The yak gores you. x2
You hit the yak.
The yak is almost dead.
You hit the yak. x2; You hit the yak but do no damage.
You slash the yak! You hit the yak. The yak gores you but does no damage.
The yak gores you.
The yak gores you but does no damage. x3; The yak completely misses you.
You hit the yak but do no damage.
The yak is almost dead.
You hit the yak but do no damage. You slash the yak!
You hit the yak but do no damage. You hit the yak. x2
The yak gores you but does no damage. x2; The yak gores you!
The yak gores you. The yak gores you! The yak gores you but does no damage.
You are too injured to fight recklessly!
You are too injured to fight recklessly!
You are too injured to fight recklessly!
Unknown command.
You hit the yak.
The yak is moderately wounded.
You hit the yak. You hit the yak but do no damage. You hit the yak.
You barely miss the yak. You hit the yak but do no damage.
The yak gores you but does no damage. The yak gores you!
* * * LOW HITPOINT WARNING * * *
The yak gores you but does no damage. The yak gores you!
* * * LOW HITPOINT WARNING * * *
The yak gores you but does no damage.
You completely miss the yak.
The yak is almost dead.
You hit the yak but do no damage. You barely miss the yak. You hit the yak.
You barely miss the yak. You slash the yak! You hit the yak.
The yak gores you but does no damage. The yak gores you.
* * * LOW HITPOINT WARNING * * *
The yak gores you but does no damage. The yak gores you.
* * * LOW HITPOINT WARNING * * *
The yak gores you but does no damage. The yak barely misses you.
The yak gores you.
* * * LOW HITPOINT WARNING * * *
As you read the scroll of teleportation {@r4}, it crumbles to dust.
You feel strangely unstable. The yak gores you.
* * * LOW HITPOINT WARNING * * *
The yak gores you but does no damage. x2; The yak gores you!
* * * LOW HITPOINT WARNING * * *
The yak gores you!
* * * LOW HITPOINT WARNING * * *
The yak gores you!
You die...

,,,,,*,,,,,,,,*,,,,,**,,,,*
,,,,,*,,,....,*,,,,,,*,,,,*
,,,,,*,,,.....*,,,,,,*..,,*
,**+**,,,.....*,,,*###...,*
,,,,,,,,,.....#+###......,*
,,,,,,,,,................,*
,,,,,,,,,.......Y......#***
**,,,,,,,......YYY.....#
,*****,,,.....YY@Y.....#
,,,,,*,,,......YY.....##
,,,,,*,,,!#######.....#
,,,,,*,,,,#.....#.....#
~~,,,*,,,,#.....#.....#
,,,~,*,,,,#.....#.....#
,,,,,*,,,,#.....#.....#
,,,,,*,,,>#.....#.....#
,,,,,*,,,,#.....#....##


You could see 9 yaks.

Vanquished Creatures
  A hornet (D:8)
  Sigmund (D:5)
  An acid dragon (D:7)
  A water moccasin (D:5)
  8 orc warriors
  A sky beast (D:7)
  A black bear (D:6)
  An ogre (D:4)
  2 phantoms
  2 centaurs
  2 kobold brigands
  4 bullfrogs
  A scorpion (D:5)
  5 wights (D:8)
  12 killer bees
  A howler monkey (D:5)
  A crimson imp (D:3)
  2 bombardier beetles
  3 hounds
  A gnoll bouda (D:8)
  3 orc priests
  3 jellies
  9 orc wizards
  An iguana (D:7)
  A mummy (D:6)
  Robin (D:2)
  6 adders
  4 gnolls (D:8)
  2 shadow imps
  2 white imps (D:7)
  2 dart slugs
  5 ribbon worms
  52 orcs
  11 bats
  9 endoplasms
  4 giant cockroaches
  15 hobgoblins
  6 jackals (D:1)
  2 quokkas
  2 ball pythons
  A frilled lizard (D:2)
  15 goblins
  4 hobgoblin zombies (D:6)
  16 kobolds
  5 rats
232 creatures vanquished.

Vanquished Creatures (others)
  An iguana (D:5)
1 creature vanquished.

Grand Total: 233 creatures vanquished

Notes
Turn   | Place    | Note
-------+----------+-------------------------------------------
     0 | D:1      | GeoRichter the Mountain Dwarf Reaver began the quest for
                  | the Orb.
     0 | D:1      | Reached XP level 1. HP: 17/17 MP: 3/3
   227 | D:1      | Reached skill level 4 in Axes
   239 | D:1      | Reached XP level 2. HP: 16/25 MP: 4/4
   751 | D:1      | Reached XP level 3. HP: 30/30 MP: 5/5
  1171 | D:2      | Reached skill level 5 in Axes
  1176 | D:2      | Noticed Robin
  1383 | D:2      | Killed Robin
  1384 | D:2      | Reached XP level 4. HP: 37/38 MP: 6/6
  2042 | D:2      | Found a runed translucent door.
  2043 | D:2      | Noticed Crazy Yiuf
  2255 | D:3      | Reached skill level 6 in Axes
  2255 | D:3      | Reached XP level 5. HP: 33/45 MP: 7/7
  2936 | D:3      | Found a burning altar of Makhleb.
  2936 | D:3      | Found a radiant altar of Vehumet.
  3187 | D:4      | Found a staircase to the Ecumenical Temple.
  3198 | Temple   | Entered the Ecumenical Temple
  3217 | Temple   | Became a worshipper of Lugonu the Unformed
  3339 | D:4      | Noticed a phantom
  3357 | D:4      | Noticed an ogre
  3363 | D:4      | Killed a phantom
  3364 | D:4      | Reached skill level 7 in Axes
  3364 | D:4      | Reached XP level 6. HP: 52/53 MP: 8/8
  3527 | D:4      | Gained mutation: Your flesh is cold resistant. (rC+)
                  | [potion of mutation]
  3527 | D:4      | Gained mutation: You are agile. (Dex +4, Str/Int -1)
                  | [potion of mutation]
  3527 | D:4      | Gained mutation: You are partially covered in iridescent
                  | scales. (AC +2) [potion of mutation]
  3532 | D:4      | Reached skill level 5 in Fighting
  3532 | D:4      | Reached skill level 1 in Invocations
  3687 | D:4      | Found Foq Oghe's Magic Scroll Boutique.
  3727 | D:4      | Reached skill level 8 in Axes
  3727 | D:4      | Reached XP level 7. HP: 61/61 MP: 9/9
  3738 | D:4      | Bought a scroll of blinking for 90 gold pieces
  3738 | D:4      | Bought a scroll of identify for 24 gold pieces
  4204 | D:5      | Entered Level 5 of the Dungeon
  4583 | D:5      | Found a sparkling altar of Nemelex Xobeh.
  4832 | D:5      | Noticed Sigmund
  4906 | D:5      | Killed Sigmund
  4907 | D:5      | Reached skill level 9 in Axes
  5040 | D:5      | Reached XP level 8. HP: 67/70 MP: 10/10
  5082 | D:5      | Reached * piety under Lugonu
  5184 | D:5      | Found a hide-covered altar of Uskayaw.
  5292 | D:5      | Found a shimmering blue altar of Sif Muna.
  5292 | D:5      | Found a faded altar of an unknown god.
  5299 | D:5      | Found a shimmering altar of Xom.
  5301 | D:5      | Found a blossoming altar of Fedhas.
  5303 | D:5      | Found an iron altar of Okawaru.
  5455 | D:6      | Found a basalt altar of Yredelemnul.
  5535 | D:6      | Reached skill level 10 in Axes
  5602 | D:6      | Found a hazy altar of Hepliaklqana.
  6209 | D:6      | Found a glowing silver altar of Zin.
  6273 | D:7      | Reached skill level 5 in Invocations
  6322 | D:7      | Reached ** piety under Lugonu
  6925 | D:7      | Reached skill level 11 in Axes
  7114 | D:8      | Reached XP level 9. HP: 76/79 MP: 13/13
  7163 | D:8      | Reached skill level 1 in Armour
  7297 | D:8      | Found a white marble altar of Elyvilon.
  7319 | D:8      | Paralysed by a hornet for 2 turns
  7322 | D:8      | Paralysed by a hornet for 1 turns
  7546 | D:8      | Reached *** piety under Lugonu
  7698 | D:9      | Noticed a komodo dragon
  7698 | D:9      | Found a staircase to the Lair.
  7821 | D:9      | Reached skill level 12 in Axes
  7858 | D:9      | HP: 4/81 [killer bee (5)]
  7866 | D:9      | Found a flagged portal.
  7945 | Bailey   | Entered a bailey
  8302 | Bailey   | Reached XP level 10. HP: 45/88 MP: 15/15
  8658 | D:9      | Mangled by a yak

Illustrated notes

Levels and vault maps discovered:
D:1:      kilobyte_arrival_exit_the_forest, layout_basic
D:2:      layout_basic, uniq_crazy_yiuf_cottage, uniq_robin
D:3:      layout_loops_corners, grunt_temple_overflow_lords_of_destruction,
          corexii_shack, nicolae_kite_square_tiling_tiny,
          chequers_decorated_corner, minmay_fractal_squares_diagonal_5
D:4:      layout_basic, minmay_temple_entry_grid, serial_shops,
          nicolae_shop_just_a_little_nook
D:5:      layout_layer_cave, chequers_temple_overflow_minitemple,
          kennysheep_mini, lemuel_tele_altar, amethyst_killhole,
          kennysheep_big_empty_room, uniq_sigmund
D:6:      layout_gridville, mainiacjoe_overflow_boulevard,
          mainiacjoe_overflow_brackets, overflow_temple_1_default,
          minmay_mini_ossuary
D:7:      layout_rooms, roderic_lattice_a
D:8:      layout_basic, elyvilon_altar_5
D:9:      layout_irregular_city, david_lair_shrubbed, serial_glass,
          glass_columns_b, glass_columns_b, enter_bailey_5,
          chequers_serial_rivers_micro_c, nicolae_lava_and_water, uniq_erica
Temple:   corrupted_temple

Skill      XL: |  1  2  3  4  5  6  7  8  9 10 |
---------------+-------------------------------+-----
Axes           | 4 5 6 7 8 9 11 12 | 12.9
Fighting       | 3 4 5 7 8 |  8.4
Invocations    | 1 3 5 7 8 |  8.0
Armour         | 3 4 |  4.2
Dodging        | |  1.3
Spellcasting   | |  1.7
Conjurations   | |  2.6

Action                     |  1- 3 |  4- 6 |  7- 9 | 10-12 || total
---------------------------+-------+-------+-------+-------++-------
  Melee: Hand axe          |   167 |    64 |       |       ||   231
         Whip              |    27 |   264 |       |       ||   291
         War axe           |       |    16 |   561 |    54 ||   631
         Unarmed           |       |       |     9 |       ||     9
 Invoke: Banish            |       |       |     1 |     1 ||     2
  Evoke: Wand              |       |       |     2 |       ||     2
    Use: Potion            |     2 |     1 |     6 |       ||     9
         Scroll            |       |       |    10 |     1 ||    11
 Armour: Leather armour    |    92 |       |       |       ||    92
         Ring mail         |    41 |   194 |   191 |       ||   426
         Skin              |       |       |     2 |       ||     2
         Acid dragon scale |       |       |   272 |     3 ||   275
         Gold dragon scale |       |       |       |    91 ||    91
  Dodge: Dodged            |   129 |   149 |   293 |     8 ||   579

Table legend: (Time is in decaauts)
 A = Elapsed time spent in this place.
 B = Non-inter-level travel time spent in this place.
 C = Inter-level travel time spent in this place.
 D = Time resting spent in this place.
 E = Time spent auto-exploring this place.
 F = Levels seen in this place.
 G = Mean time per level.
                   A        B        C        D        E       F      G
               +--------+--------+--------+--------+--------+-----+--------+
         Total |   8599 |   8303 |    296 |    100 |   5910 |  11 |  781.7 |
       Dungeon |   8022 |   7737 |    285 |     28 |   5680 |   9 |  891.3 |
        Temple |     31 |     20 |     11 |      0 |      0 |   1 |   31.0 |
        Bailey |    544 |    544 |      0 |     71 |    230 |   1 |  544.0 |
               +--------+--------+--------+--------+--------+-----+--------+

Top non-repeatable levels by time:
     D:5: 1153 daAuts
     D:1: 1128 daAuts
     D:3: 1114 daAuts
     D:4: 984 daAuts
     D:2: 940 daAuts
     D:6: 852 daAuts
     D:8: 773 daAuts
     D:7: 771 daAuts
  Bailey: 544 daAuts
     D:9: 304 daAuts
  Temple: 31 daAuts
